Map: King Sejong Station LE

Players

Scarlett - Winner!

  • Race: Zerg Zerg

Nerchio

  • Race: Zerg Zerg

Event: 2016 WCS Summer Circuit Championship (DH Montreal)

VOD

Have the link to the VOD?

Description

Time

  • Played on: Aug. 13, 2016, 4:06 p.m.
  • Length: 14:02

All games in this series

Show
View Real Time Build Order
Export as new Build Order

Scarlett Zerg - Winner!

Build Orders: Hatch First 

Get SALT Encoding   

  12  0:00  Drone  
  13  0:12  Overlord  
  13  0:17  Drone  
  14  0:30  Drone x2  
  14  0:35  Drone  
  17  0:51  Hatchery  
  17  0:54  Drone  
  17  0:58  Drone  
  18  1:07  Extractor  
  17  1:12  Spawning Pool  
  17  1:15  Drone  
  17  1:19  Drone  
  18  1:29  Drone  
  19  1:39  Overlord  
  19  1:50  Drone  
  20  1:59  Drone  
  20  2:00  Queen  
  23  2:03  Drone, Queen  
  23  2:08  Metabolic Boost  
  26  2:10  Drone  
  26  2:15  Drone  
  28  2:22  Drone  
  29  2:25  Drone  
  30  2:30  Baneling Nest  
  30  2:32  Zergling x2  
  30  2:36  Zergling x2  
  31  2:45  Hatchery  
  31  2:49  Overlord  
  30  2:51  Zergling x2  
  31  2:59  Overlord  
  31  3:00  Drone  
  32  3:09  Drone x4  
  36  3:14  Drone  
  36  3:15  Drone  
  36  3:18  Baneling  
  38  3:22  Baneling  
  38  3:23  Zergling x2  
  38  3:26  Queen  
  41  3:27  Drone  
  42  3:34  Queen  
  42  3:37  Zergling x2  
  42  3:38  Zergling x2  
  46  3:44  Baneling  
  46  3:45  Baneling x2  
  46  3:50  Zergling x12  
  43  4:03  Drone x6  
  49  4:10  Drone  
  49  4:13  Drone  
  51  4:20  Drone  
  51  4:21  Drone  
  53  4:31  Drone x2, Overlord  
  53  4:34  Drone, Roach Warren, Extractor  
  53  4:35  Evolution Chamber  
  53  4:37  Drone  
  52  4:49  Zergling x2  
  52  4:50  Zergling x6  
  52  4:51  Drone  
  52  4:52  Drone x5  
  62  5:07  Zerg Missile Weapons Level 1, Lair  
  62  5:08  Drone, Overlord  
  62  5:09  Drone x2  
  65  5:26  Drone  
  65  5:27  Drone x10  
  74  5:32  Extractor, Overlord  
  74  5:33  Drone  
  67  5:41  Roach x3  
  72  5:46  Extractor  
  72  5:47  Drone x2  
  73  5:50  Queen  
  73  5:53  Overlord  
  73  5:55  Roach  
  78  5:58  Spine Crawler x2  
  78  6:00  Spine Crawler, Roach  
  78  6:01  Overlord, Roach  
  79  6:04  Overlord  
  79  6:07  Roach  
  79  6:09  Ravager  
  82  6:13  Roach x3  
  82  6:15  Roach  
  82  6:17  Baneling x2  
  82  6:18  Baneling x4  
  90  6:20  Overlord  
  90  6:24  Roach x2  
  93  6:34  Roach, Zergling x4  
  93  6:37  Overlord x2  
  94  6:46  Roach x6  
  102  6:49  Queen  
  92  6:56  Roach x3, Zergling x2  
  92  6:58  Roach  
  85  7:02  Roach  
  85  7:04  Roach, Zergling x4  
  85  7:08  Roach, Zergling x4  
  79  7:20  Roach x2  
  79  7:21  Roach  
  75  7:24  Queen  
  75  7:25  Drone x2  
  76  7:30  Queen  
  76  7:31  Drone x3  
  76  7:35  Drone x3  
  80  7:46  Roach x3  
  80  7:52  Roach  
  80  7:57  Roach x2  
  86  8:09  Roach x5  
  96  8:14  Queen  
  96  8:15  Queen  
  96  8:16  Roach  
  104  8:21  Roach x2  
  108  8:31  Drone x2  
  108  8:32  Drone x4  
  105  8:41  Zerg Missile Weapons Level 2  
  103  8:42  Drone x5  
  103  8:47  Drone  
  103  8:48  Drone x2  
  111  8:50  Glial Reconstitution  
  111  9:00  Drone x6  
  116  9:06  Overlord  
  118  9:10  Roach  
  118  9:12  Overlord x2  
  118  9:18  Extractor, Overlord x2  
  118  9:20  Roach  
  118  9:21  Roach  
  118  9:22  Drone  
  122  9:28  Overlord  
  122  9:30  Roach x2  
  122  9:31  Roach  
  128  9:40  Roach x5  
  138  9:51  Extractor, Roach x2  
  138  9:52  Roach x3  
  147  10:06  Roach  
  147  10:07  Roach x7  
  163  10:13  Drone  
  164  10:16  Overlord x3  
  164  10:17  Overlord  
  164  10:22  Roach x2  
  168  10:35  Spore Crawler  
  167  10:36  Spore Crawler  
  167  10:40  Extractor, Hydralisk Den  
  164  10:46  Overlord x3  
  164  10:49  Spore Crawler  
  163  10:56  Roach x8  
  157  11:06  Zerg Ground Armor Level 1  
  157  11:08  Roach  
  157  11:09  Roach x2  
  155  11:24  Hydralisk x6  
  135  11:35  Hydralisk x4  
  135  11:39  Roach  
  127  11:53  Roach x4  
  129  11:57  Muscular Augments  
  117  12:07  Roach x4  
  117  12:08  Roach x3  
  125  12:20  Roach x5  
  117  12:32  Roach  
  117  12:33  Roach x5  
  129  12:39  Spore Crawler  
  128  12:47  Roach x4  
  136  12:54  Roach x5  
  146  13:02  Roach x3  
  152  13:15  Roach x5  
  152  13:19  Ravager x3  
  167  13:20  Ravager x2  
  167  13:33  Overlord x2  
  163  13:40  Roach  
  163  13:41  Roach x3  
Show
View Real Time Build Order
Export as new Build Order

Nerchio Zerg 

Build Orders: Hatch First 

Get SALT Encoding   

  12  0:00  Drone  
  13  0:12  Overlord  
  13  0:17  Drone  
  14  0:30  Drone x2  
  14  0:34  Drone  
  17  0:52  Hatchery  
  17  0:55  Drone  
  17  0:58  Drone  
  17  1:03  Extractor  
  17  1:14  Spawning Pool  
  17  1:17  Drone  
  17  1:21  Drone  
  18  1:28  Drone  
  19  1:38  Overlord  
  19  1:50  Drone  
  20  2:01  Queen  
  22  2:02  Zergling x2  
  22  2:04  Queen  
  22  2:05  Metabolic Boost  
  25  2:10  Zergling x2  
  25  2:13  Drone  
  27  2:16  Drone  
  27  2:21  Drone  
  29  2:27  Baneling Nest  
  29  2:28  Drone  
  29  2:32  Drone  
  30  2:38  Drone  
  31  2:53  Hatchery  
  31  2:55  Drone  
  31  2:57  Zergling x2  
  32  3:00  Zergling x2  
  32  3:05  Overlord  
  33  3:10  Zergling x4  
  33  3:12  Zergling x2  
  36  3:24  Zergling x10  
  41  3:27  Baneling x2  
  41  3:28  Baneling  
  41  3:29  Baneling  
  41  3:34  Overlord  
  41  3:37  Drone  
  41  3:39  Drone  
  43  3:43  Drone  
  43  3:46  Overlord  
  43  4:01  Drone  
  43  4:02  Drone x5  
  48  4:08  Roach Warren  
  47  4:10  Extractor, Drone  
  47  4:12  Drone  
  47  4:14  Baneling  
  47  4:15  Drone  
  49  4:21  Zergling x4  
  49  4:22  Zergling x2  
  52  4:27  Overlord  
  51  4:31  Drone  
  51  4:32  Drone, Extractor  
  51  4:33  Drone  
  51  4:34  Drone  
  51  4:37  Drone  
  51  4:38  Drone  
  56  4:44  Overlord  
  56  4:47  Baneling  
  56  4:48  Baneling  
  56  4:55  Roach x3  
  62  5:00  Roach x2  
  62  5:01  Roach  
  62  5:05  Roach  
  69  5:07  Baneling x3  
  69  5:10  Roach  
  70  5:15  Roach x2  
  70  5:20  Roach x2  
  77  5:25  Roach  
  77  5:26  Roach  
  77  5:27  Roach  
  79  5:31  Roach  
  79  5:34  Roach  
  78  5:36  Roach  
  78  5:39  Roach  
  82  5:43  Overlord  
  82  5:44  Overlord  
  82  5:47  Overlord  
  82  6:01  Overlord  
  82  6:02  Zergling x8  
  82  6:03  Zergling x2  
  87  6:10  Ravager x4  
  91  6:12  Zergling x10  
  91  6:13  Zergling x2  
  91  6:14  Zergling x2  
  91  6:17  Zergling x2  
  99  6:19  Zergling x2  
  99  6:21  Zergling x2  
  101  6:27  Zergling x4  
  103  6:35  Baneling  
  103  6:36  Baneling x5  
  103  6:37  Roach x3  
  109  6:42  Roach  
  109  6:43  Roach x2  
  109  6:46  Roach  
  106  6:48  Roach  
  106  6:51  Roach  
  103  6:54  Roach  
  103  6:56  Roach  
  103  6:58  Zergling x2  
  103  7:00  Zergling x2  
  96  7:02  Roach  
  96  7:06  Roach  
  96  7:07  Roach  
  101  7:10  Roach  
  101  7:11  Zergling x2  
  101  7:14  Roach  
  101  7:19  Roach x2  
  101  7:21  Zergling x2  
  101  7:22  Zergling x2  
  87  7:30  Lair  
  87  7:31  Zergling x2  
  87  7:33  Zergling x4  
  88  7:43  Zergling x4  
  84  7:46  Zergling x2  
  84  7:51  Zergling x2  
  79  7:52  Drone x2  
  79  7:54  Evolution Chamber  
  79  7:55  Drone x4  
  79  7:56  Drone  
  85  8:01  Drone  
  86  8:07  Extractor, Queen  
  86  8:11  Drone x3  
  90  8:15  Ravager  
  90  8:17  Drone  
  92  8:22  Drone x3  
  93  8:30  Roach  
  93  8:31  Roach x3  
  93  8:32  Extractor, Roach  
  99  8:40  Spire  
  92  8:46  Drone  
  92  8:47  Drone x3  
  96  8:49  Extractor, Roach  
  96  8:53  Overlord  
  96  8:54  Overlord  
  97  9:00  Drone x4  
  99  9:04  Zerg Missile Weapons Level 1  
  99  9:08  Glial Reconstitution  
  99  9:10  Overlord  
  99  9:22  Drone  
  100  9:25  Roach x3  
  100  9:26  Roach x3  
  100  9:28  Overlord  
  100  9:30  Drone x2  
  114  9:52  Hatchery  
  113  9:53  Mutalisk x6  
  113  9:57  Roach x2  
  129  10:01  Roach  
  129  10:02  Roach  
  129  10:03  Overlord  
  129  10:06  Overlord  
  133  10:09  Overlord  
  133  10:12  Overlord  
  133  10:17  Overseer  
  133  10:23  Roach x2  
  133  10:25  Roach  
  133  10:26  Roach x3  
  145  10:29  Roach x2  
  145  10:30  Ravager x4  
  145  10:33  Roach  
  145  10:34  Roach  
  157  10:36  Roach  
  157  10:38  Roach  
  157  10:41  Overlord  
  161  10:42  Overlord  
  161  10:45  Overlord  
  161  10:53  Roach  
  161  10:55  Roach x4  
  146  10:58  Roach  
  146  11:01  Roach x2  
  146  11:03  Roach  
  128  11:05  Roach  
  128  11:07  Roach  
  128  11:08  Roach  
  134  11:12  Roach x2  
  134  11:15  Roach  
  130  11:22  Roach  
  130  11:23  Roach x3  
  121  11:27  Roach  
  121  11:28  Roach  
  121  11:32  Roach x2  
  102  11:35  Roach  
  102  11:36  Roach  
  102  11:39  Roach  
  91  11:41  Roach  
  91  11:45  Roach  
  79  11:49  Roach  
  79  11:52  Roach  
  75  11:56  Roach  
  76  12:02  Drone x3  
  76  12:03  Drone  
  76  12:05  Roach  
  82  12:08  Roach  
  82  12:11  Roach  
  82  12:13  Roach  
  82  12:17  Drone x2  
  82  12:22  Drone x2  
  77  12:24  Drone  
  77  12:25  Drone  
  81  12:30  Roach  
  81  12:32  Roach  
  81  12:34  Ravager x2  
  85  12:43  Roach x3  
  91  12:46  Roach  
  91  12:49  Roach  
  95  12:54  Roach  
  95  12:55  Roach  
  95  12:57  Roach  
  101  13:02  Roach  
  101  13:05  Roach  
  105  13:06  Roach  
  105  13:09  Ravager  
  105  13:10  Ravager  
  105  13:11  Roach  
  111  13:14  Ravager x3  
  111  13:17  Roach  
  118  13:20  Roach  
  118  13:25  Roach  
  118  13:26  Roach  
  119  13:29  Roach  
  119  13:32  Roach  
  119  13:36  Roach  
Tags
 
Add a new tag
Caveats
  • Supply blocks, unpowered buildings, or Contaminate may cause inaccurate times.
  • Supply counts are checked every 10 seconds.